 Dungeon Crawl Stone Soup version 0.25-a0-528-g6b7c99946c (webtiles) character file.

Game seed: 9036886274407517730, levelgen mode: classic

214687 EnegeticOcto the Champion of Chaos (level 17, -5/134 HPs)
             Began as a Deep Dwarf Fighter on Feb 19, 2020.
             Was the Champion of Makhleb.
             Killed from afar by a hellephant (67 damage)
             ... with a blast of flame
             ... on level 5 of the Abyss.
             The game lasted 00:18:05 (18457 turns).

EnegeticOcto the Champion of Chaos (DDFi)          Turns: 18457, Time: 00:18:06

Health: -5/134     AC: 23    Str: 23      XL:     17   Next: 85%
Magic:  10/12 (2)  EV:  8    Int:  7 (10) God:    Makhleb [******]
Gold:   4744       SH: 20    Dex: 10      Spells: 16/16 levels left

rFire    . . .     SeeInvis .   a - +7 broad axe (drain)
rCold    + . .     Gourm    .   D - +0 tower shield
rNeg     + . .     Faith    .   C - +2 plate armour {rPois}
rPois    +         Spirit   .   G - +3 hat of Pondering {ponderous, MR+ MP+10 Int+5}
rElec    .         Reflect  .   Q - +2 cloak {rC+}
rCorr    .         Harm     .   l - +1 pair of gloves
MR       ++++.     Rnd*Rage +   y - +0 pair of boots
Stlth    ..........             K - amulet of the acrobat
HPRegen  0.00/turn              o - ring of protection from magic
MPRegen  0.13/turn              (no ring)

@: berserk cooldown, non-regenerating, slowed, very slow
A: damage resistance, heal wounds, [berserk 3], [blurry vision 1], [clumsy 1],
[deformed body], dopey 1[+1], [frail 2], [low mp 1], negative energy resistance
1, sense surroundings 2, [weak 2], [subdued magic 3], no regeneration
}: 2/15 runes: decaying, gossamer
a: Heal Wounds, Minor Destruction, Lesser Servant of Makhleb, Major Destruction,
Greater Servant of Makhleb, Renounce Religion


You were on level 5 of the Abyss.
You worshipped Makhleb.
Makhleb was exalted by your worship.
You were very hungry.

You visited 7 branches of the dungeon, and saw 31 of its levels.
You visited the Abyss 1 time.
You also visited: Ice Cave.

You collected 4888 gold pieces.
You spent 144 gold pieces at shops.

Inventory:

Hand Weapons
 a - a +7 broad axe of draining (weapon)
 b - a +0 dagger of distortion
Armour
 l - a +1 pair of gloves (worn)
 y - a +0 pair of boots (worn)
 C - a +2 plate armour of poison resistance (worn)
 D - a +0 tower shield (worn)
 G - the +3 hat of Pondering (worn) {ponderous, MR+ MP+10 Int+5}
   (You took it off Gastronok on level 12 of the Dungeon)

   It affects your intelligence (+5).
   It affects your resistance to hostile enchantments.
   It affects your magic capacity (+10).
   If you remove this armour, your AC will decrease by 3 (23 -> 20).
 Q - a +2 cloak of cold resistance (worn)
Jewellery
 o - a ring of protection from magic (left hand)
 K - an amulet of the acrobat (around neck)
Wands
 q - a wand of paralysis (11)
 z - a wand of clouds (4)
 A - a wand of flame (26)
 I - a wand of digging (12) {@v2}
 M - a wand of iceblast (24)
 N - a wand of enslavement (12)
 O - a wand of acid (12) {@v1}
Scrolls
 f - a scroll of identify {@r1}
 h - 8 scrolls of enchant armour
 r - 4 scrolls of teleportation {@r2}
 s - 4 scrolls of magic mapping {@r5}
 u - a scroll of immolation {@r4}
 w - 2 scrolls of blinking {@r3}
 x - 14 scrolls of remove curse {@r6}
 B - 3 scrolls of amnesia
 H - a scroll of fear
Potions
 d - a potion of mutation
 g - 2 potions of flight {unknown}
 i - 4 potions of lignification {@q7}
 j - 2 potions of stabbing {@q5}
 k - 3 potions of might {@q3}
 m - 2 potions of resistance {@q6}
 n - a potion of curing {@q1}
 p - a potion of haste {@q4}
 t - 2 potions of invisibility
 E - a potion of magic
 F - a potion of cancellation
 J - 2 potions of ambrosia
 L - 2 potions of heal wounds {@q2}
Comestibles
 e - 30 rations


   Skills:
 * Level 14.4 Fighting
 * Level 16.6 Axes
 + Level 12.5 Armour
 - Level 8.8 Dodging
 * Level 14.9 Shields
 * Level 18.6 Invocations


You had 16 spell levels left.
You didn't know any spells.
Your spell library was empty.

Dungeon Overview and Level Annotations

Branches:
Dungeon (15/15)            Temple (1/1) D:5            Lair (4/6) D:11
  Swamp (4/4) Lair:4       Spider (4/4) Lair:3          Orc (2/2) D:10
    Elf (0/3) Orc:2        Vaults (0/5) D:14         Depths (1/5) D:15
  IceCv (visited)

Altars:
Ashenzari
Cheibriados
Dithmenos
Elyvilon
Fedhas
Gozag
Hepliaklqana
Kikubaaqudgha
Makhleb
Nemelex Xobeh
Okawaru
Qazlal
Ru
Sif Muna
Trog
Vehumet
Wu Jian
Xom
Yredelemnul
Zin
The Shining One

Shops:
D:7 :   D:12 (   D:15 :   Orc:2 =(((

Annotations:
Lair:4 1 runed translucent door, Libuhoy's ghost, journeyman DEFE
Spider:3 Donald


Innate Abilities, Weirdness & Mutations

You are resistant to damage.
You can heal yourself by infusing magical energy.
You resist negative energy. (rN+)
You passively map the area around you.
You do not regenerate.
[You have an uncontrollable temper.]
[Scrolls take you a little longer to read.]
[You are clumsy. (Dex -2)]
[Armour fits poorly on your strangely shaped body.]
[You are very dopey. (Int -4)]
[You are very frail. (-20% HP)]
[Your magical capacity is low. (-10% MP)]
[You are very weak. (Str -4)]
[Your spells are much easier to cast, but much less powerful.]


Message History

A chorus of shrieks assaults your mind.
The hell knight mumbles some strange words.
The hell knight seems to speed up.
You block the ufetubus's attack. x2
The wretched star pulses with an eldritch light!
You feel angry.
You feel extremely angry at everything!
You slice the starcursed mass!!
You destroy the starcursed mass!
Makhleb accepts your kill.
You feel better.
You slash the ufetubus!
You kill the ufetubus!
The ynoxinul gestures.
You slice the ufetubus!!
You kill the ufetubus!
You completely miss the ufetubus.
The hell knight casts a spell.
The hell knight seems to speed up.
The starcursed mass shrieks in your mind.
You block the red devil's attack.
You slice the ufetubus!!
You kill the ufetubus!
The hell knight mumbles some strange words.
The hell knight seems to speed up.
You slice the ynoxinul!!
The ynoxinul is severely wounded.
You miss the ufetubus. You slice the ufetubus!!
You kill the ufetubus!
You block the ufetubus's attack. x2
The hell knight gestures wildly while chanting.
The hell knight seems to speed up.
The wretched star pulses with an eldritch light!
You feel frail. x2
The red devil hits you but does no damage.
You slash the ynoxinul!
You kill the ynoxinul!
Makhleb accepts your kill.
You feel better.
The ufetubus disappears in a puff of smoke! x3
The starcursed mass shrieks in your mind.
You slash the hell knight!
The hell knight is moderately wounded.
The hell knight hits you with a +1 battleaxe!
The red devil hits you from afar with a +0 trident.
You slash the hell knight!
The hell knight is heavily wounded.
The hell knight hits you with a +1 battleaxe!
The starcursed mass shrieks in your mind.
You block the hell knight's attack.
The red devil hits you from afar with a +0 trident.
You hit the hell knight. You drain the hell knight.
The hell knight is heavily wounded.
You slice the wretched star!! The hell knight closely misses you.
You slash the hell knight!
The hell knight is severely wounded.
Your shield and plate armour prevent you from hitting the wretched star.
You block the red devil's attack.
The hell knight hits you but does no damage.
You carve the hell knight like a ham!!!
You kill the hell knight!
Makhleb accepts your kill.
You feel better.
You slice the wretched star!! You slash the wretched star!
The wretched star is severely damaged.
The red devil hits you from afar with a +0 trident!
You slice the wretched star!!
You destroy the wretched star!
Makhleb accepts your kill.
You feel better.
The hell knight hits you from afar with a +4 vorpal glaive.
You barely miss the hell knight. You block the red devil's attack.
You block the hell knight's attack.
The starcursed mass shrieks in your mind.
You barely miss the hell knight. You block the hell knight's attack.
You hit the hell knight.
The hell knight is lightly wounded.
You block the hell knight's attack. The red devil closely misses you.
You slice the hell knight!!
The hell knight is moderately wounded.
You block the hell knight's attack. x2
You slash the hell knight! You drain the hell knight.
The hell knight is heavily wounded.
You are no longer berserk.
You are exhausted.
You feel yourself slow down.
You hear a bark!
You block the red devil's attack.
The starcursed mass shrieks in your mind.
The hellephant breathes flames at you.
The blast of flame hits the red devil.
The red devil completely resists.
The blast of flame hits the hell knight.
The hell knight completely resists.
The blast of flame hits you!!!
You slash the hell knight! You drain the hell knight.
The hell knight is almost dead.
You block the hell knight's attack.
The hell knight hits you but does no damage.
The hellephant breathes flames at you.
The blast of flame hits the sun demon.
The sun demon completely resists.
The blast of flame hits the hell knight.
The hell knight completely resists.
The blast of flame hits you!!!
Ouch! That really hurt!
You die...

. # . .. . # #..
§ .. . # .####X .
## # ..#.#.. ##..
### #§§ ... p#.#
. .. # #.##Y.#..
.††..####..3Xp..#
.#§§X.)pp4#.# ..
#.. .#.@#§5# # ##
##.†## . . #.#. .
# #..# . # #..#
##.. ... ..#.


You could see a hellephant, a starcursed mass, a tentacled starspawn, 4 hell
knights, a sun demon and a red devil.

Vanquished Creatures
  Jorgrun (Orc:2)
  An Executioner (Abyss:3)
  Frances (D:14)
  Gastronok (D:12)
  A thorn hunter (Swamp:4)
  3 tentacled starspawn
  Kirke (D:12)
  An orc warlord (Orc:1)
  A balrug (Abyss:5)
  3 ghost moths (Spider:4)
  An emperor scorpion (Spider:4)
  A deep elf demonologist (Abyss:3)
  An ophan (Abyss:5)
  Nessos (D:14)
  3 ettins
  Josephine (D:15)
  4 ogre magi
  6 hydras
  A ghost crab (Swamp:4)
  A shambling mangrove (Swamp:4)
  4 centaur warriors
  5 death yaks (Lair:4)
  3 alligators (Swamp:4)
  9 two-headed ogres
  A death knight (D:13)
  A hell hog (Abyss:3)
  A tengu warrior (D:14)
  The ghost of Tenz the Covert, a journeyman SpWr of Gozag (D:11)
  3 thrashing horrors (Abyss:3)
  Urug (Lair:2)
  A hell knight (Abyss:5)
  4 wretched stars
  Sonja (D:10)
  A shadow wraith (Abyss:5)
  5 skeletal warriors (D:14)
  2 fire crabs (shapeshifter) (D:13)
  An unseen horror (D:14)
  2 death drakes (Abyss:3)
  A deep troll (D:15)
  A spriggan druid (Swamp:3)
  A glowing orange brain (Abyss:5)
  A flayed ghost (Abyss:5)
  3 swamp dragons
  Pikel (D:6)
  6 orb spiders
  4 deep elf magi
  An orc knight (D:14)
  17 ugly things
  22 wolf spiders
  A necromancer (IceCv)
  A cyclops (D:15)
  A manticore (D:15)
  A moth of wrath (Spider:4)
  5 elephants (Lair:2)
  Maurice (D:8)
  4 centaur zombies
  3 black mambas
  An ice statue (IceCv)
  A torpor snail (Lair:4)
  An apocalypse crab (Abyss:3)
  Psyche (D:8)
  5 smoke demons
  2 gargoyles
  A hellion (Abyss:3)
  15 spiny frogs
  2 rime drakes
  3 komodo dragons
  2 kobold demonologists
  5 demonic crawlers
  2 hellwings (Abyss:3)
  2 efreet
  An ice devil (Abyss:3)
  10 freezing wraiths (IceCv)
  A harpy zombie (D:15)
  3 red devils (Abyss:3)
  3 tengu conjurers
  6 meliai
  3 trolls
  19 jumping spiders
  3 tyrant leeches
  3 polar bears (Lair:1)
  9 hornets
  9 raiju
  A bog body (Swamp:3)
  10 blink frogs
  10 slime creatures
  5 dream sheep (Lair:4)
  6 hippogriffs
  27 starcursed masses
  Sigmund (D:4)
  39 redbacks
  3 spriggans
  A shadow (D:13)
  A vampire (D:13)
  13 tarantellas
  8 wraiths
  A ynoxinul (Abyss:5)
  2 hungry ghosts (D:10)
  16 humans (D:14)
  33 yaks
  3 wyverns
  A fire elemental (Spider:1)
  10 large abominations
  15 vampire mosquitoes
  A basilisk (D:14)
  3 neqoxecs (Abyss:5)
  6 insubstantial wisps (Swamp:4)
  A two-headed ogre zombie (D:10)
  7 swamp worms
  6 wargs
  4 soldier ants
  3 hell hounds (Spider:1)
  10 porcupines
  8 water moccasins
  14 orc warriors
  A black bear (Lair:4)
  5 necrophages
  5 swamp drakes
  10 ice beasts
  4 phantoms
  2 alligator simulacra (IceCv)
  A hornet zombie (D:10)
  3 eyes of draining
  23 ogres
  5 sky beasts
  4 boggarts (Depths:1)
  12 wolves
  11 centaurs
  7 crocodiles
  2 big kobolds
  5 small abominations
  16 bullfrogs
  2 wyvern skeletons
  6 scorpions
  2 troll zombies (D:10)
  6 electric eels
  3 jellies
  9 wights
  5 howler monkeys
  5 crimson imps
  4 bullfrog zombies
  6 hounds
  2 quasits
  5 draconian simulacra (IceCv)
  8 orc priests
  8 centaur skeletons
  5 bullfrog skeletons
  16 orc wizards
  6 troll simulacra (IceCv)
  2 polar bear simulacra (IceCv)
  A spriggan simulacrum (IceCv)
  15 worker ants
  5 ogre zombies (D:10)
  2 centaur simulacra (IceCv)
  2 human simulacra (D:12)
  A howler monkey zombie (D:10)
  7 gnolls
  7 adders
  3 ogre simulacra (IceCv)
  3 naga simulacra (IceCv)
  3 shadow imps
  12 white imps (IceCv)
  An ufetubus (Abyss:3)
  An ooze (D:3)
  An adder skeleton (D:7)
  An adder zombie (D:7)
  2 worms
  8 leopard geckos
  57 orcs
  3 bats
  2 giant cockroaches
  3 goblins
  6 hobgoblins
  6 jackals
  4 quokkas
  A ball python (D:1)
  3 frilled lizards
  4 goblin zombies (D:10)
  2 hobgoblin skeletons (D:10)
  A hobgoblin zombie (D:10)
  18 kobolds
  3 orc skeletons (D:10)
  15 orc zombies (D:10)
  3 rats
  3 plants
  3 starspawn tentacles
965 creatures vanquished.

Vanquished Creatures (collateral kills)
  the Lernaean hydra (Swamp:4)
  A ghost moth (Spider:4)
  An emperor scorpion (Spider:4)
  An orc warlord (Orc:1)
  Aizul (Swamp:4)
  Azrael (Spider:1)
  4 spark wasps (Spider:4)
  Snorg (Lair:4)
  5 hydras (Swamp:4)
  The ghost of whitenoisemaker the Cleaver, a journeyman DrFi of Uskayaw (D:11)
  9 two-headed ogres (Orc:2)
  An ogre mage (Orc:2)
  2 large abominations (Abyss:3)
  6 swamp dragons (Swamp:4)
  A spriggan druid (Swamp:4)
  An orc knight (Orc:2)
  9 orb spiders
  6 wolf spiders
  6 demonic crawlers
  A troll (Orc:2)
  4 jumping spiders
  6 hornets
  A blink frog (Lair:3)
  6 tarantellas
  4 redbacks
  2 yaks (Lair:3)
  A fire elemental (Spider:1)
  A warg (Orc:2)
  A swamp worm (Swamp:4)
  A hell hound (Spider:1)
  A porcupine (Lair:3)
  4 swamp drakes (Swamp:4)
  6 orc warriors
  7 ogres
  2 orc priests (Orc:2)
  3 gnolls (Orc:2)
  3 orcs (Orc:1)
112 creatures vanquished.

Vanquished Creatures (others)
  A two-headed ogre (D:12)
  An orb spider (Spider:4)
  2 slime creatures (Swamp:4)
  A small abomination (Abyss:3)
  A wraith (D:12)
  A tarantella (Spider:1)
  A human (D:12)
  An orc warrior (Orc:2)
  A sky beast (D:15)
  A bullfrog (D:12)
  An orc (D:15)
  A briar patch (Swamp:4)
  2 fungi
  A lurking horror (Abyss:5)
  2 plants
  10 starspawn tentacles
28 creatures vanquished.

Grand Total: 1105 creatures vanquished

Notes
Turn   | Place    | Note
-------+----------+-------------------------------------------
     0 | D:1      | EnegeticOcto the Deep Dwarf Fighter began the quest for the
                  | Orb.
     0 | D:1      | Reached XP level 1. HP: 20/20 MP: 1/1
    78 | D:1      | Reached XP level 2. HP: 27/27 MP: 2/2
   285 | D:1      | Reached skill level 1 in Dodging
   526 | D:3      | Reached XP level 3. HP: 30/34 MP: 3/3
   619 | D:3      | Reached XP level 4. HP: 23/42 MP: 4/4
   622 | D:3      | HP: 2/42 [gnoll/cursed -2 halberd (11)]
   840 | D:4      | Reached XP level 5. HP: 47/49 MP: 5/5
   856 | D:4      | Noticed Sigmund
   913 | D:4      | Killed Sigmund
   913 | D:4      | Reached XP level 6. HP: 32/57 MP: 4/4
  1258 | D:5      | Entered Level 5 of the Dungeon
  1326 | D:5      | Reached XP level 7. HP: 60/66 MP: 5/5
  1374 | D:5      | Found a stormy altar of Qazlal.
  1428 | D:5      | Found a staircase to the Ecumenical Temple.
  1445 | Temple   | Entered the Ecumenical Temple
  1659 | Temple   | Became a worshipper of Makhleb the Destroyer
  1772 | D:5      | Found a shadowy altar of Dithmenos.
  1772 | D:5      | Found a sacrificial altar of Ru.
  1773 | D:5      | Found a blossoming altar of Fedhas.
  1775 | D:5      | Found a glowing golden altar of the Shining One.
  1901 | D:5      | Got a smoking chain mail
  1912 | D:5      | Identified the +1 chain mail of Grace {Str+2 Dex+4} (You
                  | found it on level 5 of the Dungeon)
  1954 | D:5      | Reached skill level 5 in Axes
  1954 | D:5      | Reached skill level 1 in Invocations
  2476 | D:6      | Noticed Pikel
  2495 | D:6      | Killed Pikel
  2495 | D:6      | Reached skill level 5 in Fighting
  2495 | D:6      | Reached skill level 5 in Armour
  2495 | D:6      | Reached skill level 5 in Shields
  2495 | D:6      | Reached skill level 3 in Invocations
  2495 | D:6      | Reached XP level 8. HP: 46/74 MP: 6/8
  2633 | D:6      | Found an iron altar of Okawaru.
  2667 | D:6      | Found a basalt altar of Yredelemnul.
  3068 | D:7      | Found a stormy altar of Qazlal.
  3118 | D:7      | Reached skill level 4 in Invocations
  3119 | D:7      | Found Arosk's Book Shoppe.
  3314 | D:7      | Reached skill level 5 in Invocations
  3386 | D:7      | Reached * piety under Makhleb
  3480 | D:7      | Gained mutation: You passively map the area around you.
                  | [Deep Dwarf growth]
  3480 | D:7      | Reached XP level 9. HP: 42/82 MP: 6/8
  3939 | D:8      | Noticed Maurice
  3968 | D:8      | Killed Maurice
  3968 | D:8      | Reached skill level 6 in Invocations
  4096 | D:8      | Paralysed by a hornet for 1 turns
  4102 | D:8      | Reached skill level 5 in Dodging
  4120 | D:8      | Reached skill level 7 in Invocations
  4247 | D:8      | Reached ** piety under Makhleb
  4249 | D:8      | Noticed Psyche
  4272 | D:8      | Killed Psyche
  4272 | D:8      | Reached XP level 10. HP: 77/94 MP: 9/9
  4579 | D:8      | Found a glowing silver altar of Zin.
  4670 | D:9      | Identified a scroll of acquirement
  4670 | D:9      | Identified the +1 pair of gloves of Meocos {*Drain Dex+2
                  | Stlth+} (You acquired it on level 9 of the Dungeon)
  4782 | D:9      | Found a sparkling altar of Nemelex Xobeh.
  4994 | D:9      | Reached skill level 8 in Invocations
  5179 | D:10     | Entered Level 10 of the Dungeon
  5184 | D:10     | Noticed a two-headed ogre
  5198 | D:10     | Killed a two-headed ogre
  5384 | D:10     | Reached skill level 9 in Invocations
  5390 | D:10     | Reached *** piety under Makhleb
  5472 | D:10     | Noticed Sonja
  5484 | D:10     | Killed Sonja
  5484 | D:10     | Reached XP level 11. HP: 93/103 MP: 10/12
  5697 | D:10     | Found a staircase to the Orcish Mines.
  5767 | D:10     | Reached **** piety under Makhleb
  6010 | D:11     | Found a runed translucent gate.
  6011 | D:11     | Found a runed translucent gate.
  6011 | D:11     | Found a runed translucent gate.
  6011 | D:11     | Noticed whitenoisemaker's ghost (journeyman DrFi)
  6011 | D:11     | Noticed Tenz's ghost (journeyman SpWr)
  6103 | D:11     | Noticed a red ugly thing
  6116 | D:11     | Killed a red ugly thing
  6173 | D:11     | Noticed a brown ugly thing
  6195 | D:11     | Killed a brown ugly thing
  6265 | D:11     | Reached skill level 10 in Invocations
  6381 | D:11     | Noticed a white ugly thing
  6409 | D:11     | Killed a white ugly thing
  6464 | D:11     | Reached skill level 10 in Axes
  6678 | D:11     | Found a staircase to the Lair.
  6694 | D:11     | Reached ***** piety under Makhleb
  6829 | Orc:1    | Entered Level 1 of the Orcish Mines
  6978 | Orc:1    | Noticed an orc warlord
  7014 | Orc:1    | Killed an orc warlord
  7220 | Orc:1    | Noticed an orc warlord
  7304 | Orc:1    | Killed an orc warlord
  7304 | Orc:1    | Reached skill level 11 in Invocations
  7304 | Orc:1    | Reached XP level 12. HP: 97/114 MP: 7/7
  7503 | Orc:2    | Entered Level 2 of the Orcish Mines
  7625 | Orc:2    | Found a staircase to the Elven Halls.
  7754 | Orc:2    | Noticed Jorgrun
  7776 | Orc:2    | Killed Jorgrun
  7839 | Orc:2    | Noticed a two-headed ogre
  7839 | Orc:2    | Noticed a two-headed ogre
  7839 | Orc:2    | Noticed a two-headed ogre
  7841 | Orc:2    | Noticed a two-headed ogre
  7842 | Orc:2    | Noticed a two-headed ogre
  7843 | Orc:2    | Noticed an ogre mage
  7846 | Orc:2    | Killed a two-headed ogre
  7852 | Orc:2    | Killed a two-headed ogre
  7853 | Orc:2    | Killed a two-headed ogre
  7859 | Orc:2    | Killed a two-headed ogre
  7860 | Orc:2    | Noticed an ogre mage
  7861 | Orc:2    | Noticed a two-headed ogre
  7862 | Orc:2    | Noticed an ogre mage
  7865 | Orc:2    | Noticed a two-headed ogre
  7865 | Orc:2    | Killed a two-headed ogre
  7865 | Orc:2    | Noticed an ogre mage
  7866 | Orc:2    | Noticed a two-headed ogre
  7866 | Orc:2    | Noticed a two-headed ogre
  7869 | Orc:2    | Killed an ogre mage
  7870 | Orc:2    | Noticed a two-headed ogre
  7870 | Orc:2    | Noticed a two-headed ogre
  7878 | Orc:2    | Killed an ogre mage
  7878 | Orc:2    | Reached skill level 12 in Invocations
  7883 | Orc:2    | Killed an ogre mage
  7887 | Orc:2    | Killed an ogre mage
  7887 | Orc:2    | Reached skill level 10 in Fighting
  7890 | Orc:2    | Killed a two-headed ogre
  7894 | Orc:2    | HP: 3/116 [two-headed ogre/+0 giant spiked club (13)]
  7895 | Orc:2    | Killed a two-headed ogre
  7896 | Orc:2    | Killed a two-headed ogre
  7901 | Orc:2    | Killed a two-headed ogre
  7903 | Orc:2    | Killed a two-headed ogre
  7904 | Orc:2    | Killed a two-headed ogre
  7908 | Orc:2    | Reached XP level 13. HP: 106/123 MP: 6/6
  7929 | Orc:2    | Found Xourit's Antique Weapon Emporium.
  7929 | Orc:2    | Found Uriwado's Antique Weapon Shop.
  7930 | Orc:2    | Found Wiazebabof's Jewellery Boutique.
  7930 | Orc:2    | Found Kusaeshru's Weapon Emporium.
  7941 | Orc:2    | Bought a crude hand axe for 144 gold pieces
  7941 | Orc:2    | Identified the +6 hand axe "Cebemaso" {flame, MR+ Dex+4}
                  | (You bought it in a shop on level 2 of the Orcish Mines)
  8080 | Lair:1   | Entered Level 1 of the Lair of Beasts
  8422 | Lair:2   | Reached skill level 13 in Invocations
  8736 | Lair:2   | Noticed Urug
  8750 | Lair:2   | Killed Urug
  9505 | Lair:3   | Found a hole to the Spider Nest.
  9925 | Lair:4   | Reached skill level 10 in Shields
 10220 | Lair:4   | Gained mutation: You resist negative energy. (rN+) [Deep
                  | Dwarf growth]
 10220 | Lair:4   | Reached XP level 14. HP: 117/135 MP: 8/8
 10232 | Lair:4   | Reached skill level 14 in Invocations
 10341 | Lair:4   | Found a runed translucent door.
 10341 | Lair:4   | Noticed Snorg
 10356 | Lair:4   | Killed Snorg
 10435 | Lair:4   | Noticed Libuhoy's ghost (journeyman DEFE)
 10611 | Lair:4   | Found a staircase to the Swamp.
 10944 | D:11     | Killed whitenoisemaker's ghost
 10961 | D:11     | Killed Tenz's ghost
 11203 | D:12     | Reached skill level 10 in Armour
 11225 | D:12     | Noticed Gastronok
 11242 | D:12     | Killed Gastronok
 11643 | D:12     | Noticed Kirke
 11652 | D:12     | Killed Kirke
 11835 | D:12     | Found Saojuck's Weapon Shoppe.
 12307 | D:13     | Reached ****** piety under Makhleb
 12815 | D:14     | Found a gate to the Vaults.
 12815 | D:14     | Noticed Nessos
 12828 | D:14     | Reached skill level 15 in Invocations
 12870 | D:14     | Killed Nessos
 12948 | D:14     | Found a shimmering altar of Xom.
 13373 | D:14     | Reached XP level 15. HP: 134/144 MP: 9/9
 13629 | D:14     | Noticed Frances
 13660 | D:14     | Killed Frances
 13805 | D:15     | Entered Level 15 of the Dungeon
 13830 | D:15     | Found a shadowy altar of Dithmenos.
 13847 | D:15     | Noticed Josephine
 13860 | D:15     | Killed Josephine
 13912 | D:15     | Found Puxtiepn's Book Emporium.
 14154 | D:15     | Found a frozen archway.
 14196 | IceCv    | Entered an ice cave
 14359 | IceCv    | Found an ancient bone altar of Kikubaaqudgha.
 14690 | D:15     | Reached skill level 16 in Invocations
 14821 | D:15     | Found a staircase to the Depths.
 15386 | Spider:1 | Entered Level 1 of the Spider Nest
 15436 | Spider:1 | Noticed Azrael
 15460 | Spider:1 | Killed Azrael
 15466 | Spider:1 | Reached XP level 16. HP: 151/154 MP: 10/10
 15510 | Spider:3 | Noticed Donald
 15515 | Spider:2 | You fall into a shaft and drop 1 floor!
 15559 | Spider:3 | Reached skill level 15 in Axes
 15692 | Spider:4 | Entered Level 4 of the Spider Nest
 15867 | Spider:4 | Reached skill level 17 in Invocations
 16039 | Spider:4 | Got a gossamer rune of Zot
 16217 | Swamp:1  | Entered Level 1 of the Swamp
 16500 | Swamp:4  | Entered Level 4 of the Swamp
 17064 | Swamp:4  | Noticed Aizul
 17066 | Swamp:4  | Noticed a thorn hunter
 17077 | Swamp:4  | Killed Aizul
 17080 | Swamp:4  | Killed a thorn hunter
 17090 | Swamp:4  | Reached XP level 17. HP: 146/165 MP: 9/9
 17145 | Swamp:4  | Noticed the 27-headed Lernaean hydra
 17151 | Swamp:4  | Killed the 27-headed Lernaean hydra
 17253 | Swamp:4  | Got a decaying rune of Zot
 17620 | Depths:1 | Entered Level 1 of the Depths
 17635 | Depths:1 | Reached skill level 18 in Invocations
 17677 | D:15     | Cast into level 3 of the Abyss (a distortion unwield)
 18001 | Abyss:3  | Paralysed by accursed screaming for 1 turns
 18011 | Abyss:3  | Noticed an Ice Fiend
 18164 | Abyss:5  | Entered Level 5 of the Abyss
 18299 | Abyss:5  | Gained mutation: [You are dopey. (Int -2)] [a neqoxec]
 18367 | Abyss:5  | Noticed a hellephant
 18397 | Abyss:5  | Paralysed by accursed screaming for 1 turns
 18403 | Abyss:5  | Paralysed by accursed screaming for 2 turns
 18457 | Abyss:5  | Killed from afar by a hellephant

Levels and vault maps discovered:
D:1:      co_arrival_square_in_a_square_in_a_square, layout_basic,
          lexackson_kobold_supper
D:2:      layout_loops_corners
D:3:      layout_basic, serial_corexii_hall, corexii_hall_statues_t,
          corexii_hall_statues_l, trog_eyes_of_draining
D:4:      layout_rooms, uniq_sigmund
D:5:      layout_cave_pods, kennysheep_little_box, grunt_temple_overflow_open,
          minmay_temple_entry_drinking_statues, first_ration, amethyst_killhole
D:6:      layout_loops_ring, basic_altar, okawaru_altar_gauntlet_db, uniq_pikel
D:7:      layout_cave_pods, serial_shops, shop, serial_column_ruins,
          column_ruins_open_medium, column_ruins_grid_1,
          column_ruins_columns_corner, column_ruins_columns_dead_end,
          column_ruins_columns_straight, grunt_qazlal_sundering
D:8:      layout_loops_ring, zin_statuary, hangedman_pestilent_swarm,
          minmay_misc_feat_roman, uniq_psyche, uniq_maurice
D:9:      layout_roguey, lemuel_doored_altar
D:10:     layout_irregular_city, zombieorc2_lemuel, uniq_sonja
D:11:     layout_loops_ring, david_lair_shrubbed, gammafunk_ghost_cemetery
D:12:     layout_basic, serial_shops, shop, bh_circular_ruins, uniq_kirke,
          uniq_gastronok
D:13:     layout_loops_ring, minmay_starry_boxes
D:14:     layout_loops_corners, david_vaults_3, basic_altar,
          hangedman_decor_opposing, uniq_frances
D:15:     hangedman_depths_entry_civil_slaughter, layout_stronghold,
          serial_shops, shop, portal_ice_cave_entry_pillars_1,
          nicolae_dithmenos_through_a_glass_darkly, st_stairs_1, uniq_josephine
Temple:   regret_index_temple_generic_petals
Lair:1:   layout_regular_city, small_statue_intersection,
          cheibrodos_lair_lostbears
Lair:2:   layout_gridlike, serial_bayou_lagoon_b, uniq_urug
Lair:3:   layout_gridlike, nicolae_spider_entry_orb_guardian,
          grunt_megastairs_5, serial_bayou_shore_a
Lair:4:   layout_loops_ring, nicolae_swamp_entry_splash_gauntlet,
          ebering_ghost_reflecting_pool, chequers_serial_rivers_marsh,
          chequers_serial_rivers_large_b, lemuel_fruit_tree, uniq_snorg
Swamp:1:  layout_basic_swamp, evilmike_swamp_ruin_house_1
Swamp:2:  layout_basic_swamp, basic_altar, swamp_pool2, hangedman_swamp_lotus,
          nicolae_swamp_round_clearing
Swamp:3:  layout_basic_swamp, gammafunk_ghost_cemetery,
          infiniplex_staircase_pool
Swamp:4:  swamp_old_school, layout_basic_swamp, uniq_aizul
Spider:1: layout_spider_delve, nicolae_crawler_farm, uniq_azrael
Spider:2: layout_spider_delve
Spider:3: layout_spider_delve, uniq_donald
Spider:4: spider_rune_water, nicolae_spider_ant_collections
Orc:1:    layout_caves
Orc:2:    st_orc_ogre_mass, layout_caves, uniq_jorgrun
Depths:1: lemuel_traditional_vault, layout_cave_pools, hell_entry,
          serial_rivers, chequers_serial_rivers_micro_d,
          chequers_serial_rivers_small_3, chequers_serial_rivers_micro_e,
          chequers_serial_rivers_room_b, nzn_random_ring
Abyss:5:  base: Swamp:2, base: Spider:4, evilmike_abyss_rune_ettins,
          hangedman_abyss_overflow_altar, patterned_corridor,
          bh_abyss_xom_lugonu_altar, nicolae_abyss_rune_left_handed,
          patterned_corridor, nicolae_abyss_rune_left_handed

Skill      XL: |  1  2  3  4  5  6  7  8  9 10 11 12 13 14 15 16 17 |
---------------+----------------------------------------------------+-----
Fighting       | 3 4 5 7 8 9 10 11 12 13 14 | 14.4
Dodging        | 1 2 3 4 5 6 7 8 |  8.8
Axes           | 3 4 5 6 8 9 10 11 12 13 14 15 16 | 16.6
Armour         | 4 5 6 7 8 9 10 11 12 | 12.5
Shields        | 4 5 6 7 8 10 11 12 14 | 14.9
Invocations    | 3 5 7 9 11 12 13 15 16 17 18 | 18.6

Action                   |  1- 3 |  4- 6 |  7- 9 | 10-12 | 13-15 | 16-18 || total
-------------------------+-------+-------+-------+-------+-------+-------++-------
Melee: War axe           |   111 |    79 |   316 |   699 |    18 |       ||  1223
       Broad axe         |       |       |       |       |  1234 |  1001 ||  2235
       Hand axe          |       |       |       |       |    60 |       ||    60
Invok: Lesser Servant of |       |       |       |    19 |    12 |    11 ||    42
       Greater Servant o |       |       |       |       |     2 |    11 ||    13
 Abil: Heal Wounds       |     1 |     9 |    11 |    52 |    15 |    35 ||   123
Evoke: Wand              |       |       |     3 |     7 |       |     2 ||    12
  Use: Scroll            |       |     7 |     5 |     5 |    15 |     2 ||    34
       Potion            |       |     1 |       |     1 |     3 |     3 ||     8
 Stab: Distracted        |       |       |       |     3 |     6 |     4 ||    13
       Invisible         |       |       |       |     8 |       |       ||     8
       Confused          |       |       |       |       |       |     3 ||     3
  Eat: Chunk             |       |     2 |    10 |    13 |    25 |     5 ||    55
       Ration            |       |       |       |     1 |     1 |     2 ||     4
Armor: Scale mail        |    72 |    34 |       |       |       |       ||   106
       Chain mail        |       |    16 |   166 |   325 |       |       ||   507
       Plate armour      |       |       |       |    71 |  1071 |   701 ||  1843
Dodge: Dodged            |    47 |    34 |   126 |   285 |   594 |   410 ||  1496
Block: Kite shield       |    54 |    47 |   211 |   458 |       |       ||   770
       Tower shield      |       |       |       |   152 |  1572 |  1238 ||  2962

Table legend:
 A = Non-vault XP
 B = Vault XP
 C = Vault XP percentage of total XP
 D = Non-vault monster count
 E = Vault monster count
 F = Vault count percentage of total count
                 A         B        C        D         E       F
            +---------+---------+-------+---------+---------+-------
      Total |  181351 |   97867 |  35.1 |     797 |     281 |  26.1
            +---------+---------+-------+---------+---------+-------
        D:1 |      33 |       0 |   0.0 |      18 |       0 |   0.0
        D:2 |       6 |       0 |   0.0 |       4 |       0 |   0.0
        D:3 |     101 |       0 |   0.0 |      21 |       0 |   0.0
        D:4 |     230 |     223 |  49.2 |       8 |       1 |  11.1
        D:5 |     375 |       0 |   0.0 |      10 |       0 |   0.0
        D:6 |     132 |     689 |  83.9 |       5 |       7 |  58.3
        D:7 |    1246 |       0 |   0.0 |      23 |       0 |   0.0
        D:8 |    1204 |    1515 |  55.7 |      22 |       6 |  21.4
        D:9 |    1120 |       0 |   0.0 |      18 |       0 |   0.0
       D:10 |    3665 |    1756 |  32.4 |      37 |      37 |  50.0
       D:11 |    4538 |    1729 |  27.6 |      39 |       3 |   7.1
       D:12 |    5306 |    4383 |  45.2 |      27 |       4 |  12.9
       D:13 |    6705 |    2244 |  25.1 |      23 |       6 |  20.7
       D:14 |   13252 |    8776 |  39.8 |      49 |      21 |  30.0
       D:15 |   12436 |    7740 |  38.4 |      33 |      13 |  28.3
     Lair:1 |    1816 |     851 |  31.9 |       8 |       3 |  27.3
     Lair:2 |    7855 |     824 |   9.5 |      33 |       1 |   2.9
     Lair:3 |    4605 |    1119 |  19.5 |      22 |       3 |  12.0
     Lair:4 |   12054 |     839 |   6.5 |      42 |       3 |   6.7
    Swamp:1 |    2323 |       0 |   0.0 |       7 |       0 |   0.0
    Swamp:3 |    6106 |       0 |   0.0 |      25 |       0 |   0.0
    Swamp:4 |   13368 |   16057 |  54.6 |      36 |      24 |  40.0
   Spider:1 |   14155 |    2688 |  16.0 |      51 |      10 |  16.4
   Spider:2 |    1162 |       0 |   0.0 |       2 |       0 |   0.0
   Spider:3 |    6297 |       0 |   0.0 |      18 |       0 |   0.0
   Spider:4 |   12261 |   21460 |  63.6 |      44 |      44 |  50.0
      Orc:1 |    4789 |       0 |   0.0 |      48 |       0 |   0.0
      Orc:2 |    1441 |   15715 |  91.6 |      20 |      38 |  65.5
   Depths:1 |    3290 |       0 |   0.0 |       9 |       0 |   0.0
    Abyss:3 |   23288 |       0 |   0.0 |      51 |       0 |   0.0
    Abyss:4 |    2231 |       0 |   0.0 |       1 |       0 |   0.0
    Abyss:5 |   13961 |    2879 |  17.1 |      43 |       3 |   6.5
      IceCv |       0 |    6380 | 100.0 |       0 |      54 | 100.0
            +---------+---------+-------+---------+---------+-------
